 Dungeon Crawl Stone Soup version 0.21-a0-591-g2314aa1 (webtiles) character file.

326 Moebius the Poker (level 6, -3/57 HPs)
             Began as a Hill Orc Monk on Dec 22, 2017.
             Was a Believer of Beogh.
             Slain by a centaur (6 damage)
             ... on level 4 of the Dungeon.
             The game lasted 00:15:43 (4420 turns).

Moebius the Poker (Hill Orc Monk)                   Turns: 4420, Time: 00:15:44

Health: -3/57      AC:  2    Str: 14      XL:     6   Next: 49%
Magic:  6/6        EV: 12    Int: 10      God:    Beogh [**....]
Gold:   81         SH:  0    Dex: 12 (15) Spells: 5/5 levels left

rFire    . . .     SeeInvis .   f - +4 quarterstaff (chaos)
rCold    . . .     Gourm    .   (shield currently unavailable)
rNeg     . . .     Faith    .   b - +0 robe
rPois    .         Spirit   .   g - +0 hat
rElec    .         Reflect  .   (no cloak)
rCorr    .         Harm     .   (no gloves)
MR       .....                  (no boots)
Stlth    ++........             (no amulet)
HPRegen  0.19/turn              (no ring)
MPRegen  0.10/turn              (no ring)

@: no status effects
A: no striking features
a: Smiting, Renounce Religion


You were on level 4 of the Dungeon.
You worshipped Beogh.
Beogh was pleased with you.
You were hungry.

You visited 1 branch of the dungeon, and saw 4 of its levels.
You also visited: Sewer.

You collected 81 gold pieces.

Inventory:

Hand Weapons
 a - a +0 spear
 f - a +4 quarterstaff of chaos (weapon)
 k - a +0 blowgun
 r - a +0 hunting sling
 t - a +1 spear of venom
Missiles
 h - 25 poisoned needles
 m - 23 sling bullets
 n - 15 arrows
Armour
 b - a +0 robe (worn)
 g - a +0 hat (worn)
 i - a +0 cloak
 o - a +4 scale mail
Jewellery
 l - an uncursed amulet of rage
 s - an uncursed amulet of magic regeneration {unknown}
Scrolls
 j - a scroll of amnesia
 p - a scroll of blinking
 q - 3 scrolls of teleportation
 w - a scroll of fear {unknown}
Potions
 d - 3 potions of brilliance
 e - a potion of curing
 u - a potion of haste
 v - 2 potions of might
Comestibles
 c - 3 rations


   Skills:
 + Level 5.7 Fighting
 + Level 6.2(6.3) Polearms
 + Level 1.0(3.3) Staves
 + Level 0.8 Throwing
 - Level 2.4 Dodging
 - Level 1.5 Stealth


You had 5 spell levels left.
You didn't know any spells.

Dungeon Overview and Level Annotations

Branches:
Dungeon (4/15)
 Temple: D:4-7

Altars:
Ashenzari
Dithmenos
Fedhas
Kikubaaqudgha
Makhleb
Qazlal
Ru
Trog


Message History

a dagger of pain; a robe; an orc corpse The centaur shoots an arrow.
The arrow hits you.
You barely miss the centaur.
The centaur unwields an uncursed shortbow.
The centaur hits you!
* * * LOW HITPOINT WARNING * * *
You hit the centaur but do no damage. The centaur barely misses you. x2
You sock the centaur! You freeze the centaur.
The centaur is heavily wounded.
The centaur hits you!
* * * LOW HITPOINT WARNING * * *
You hit the centaur. You freeze the centaur.
The centaur is severely wounded.
The centaur hits you but does no damage.
The centaur hits you.
* * * LOW HITPOINT WARNING * * *
You hit the centaur.
The centaur is almost dead.
The centaur misses you. The centaur hits you.
You die...

..# #.# #.## ...#
#..# # #..#
#####.######..#
.$.....<..)@c(#
.####.#######(......
# ...###. ...o#
#.#.# ...# .### ..


You could see a centaur and a neutral orc priest (wandering).

Vanquished Creatures
  A hound (D:2)
  An orc wizard (D:4)
  Crazy Yiuf (D:2)
  Natasha (twice) (D:2)
  3 gnolls (D:3)
  4 adders
  3 oozes
  2 worms
  2 dart slugs (D:1)
  3 leopard geckos
  2 orcs (D:3)
  6 ball pythons
  4 bats
  3 giant cockroaches (D:3)
  8 goblins
  10 hobgoblins
  20 jackals
  8 kobolds
  7 frilled lizards
  6 rats
  2 plants (Sewer)
98 creatures vanquished.

Vanquished Creatures (others)
  An orc wizard (D:4)
  A plant (Sewer)
2 creatures vanquished.

Grand Total: 100 creatures vanquished

Notes
Turn   | Place    | Note
-------+----------+-------------------------------------------
     0 | D:1      | Moebius the Hill Orc Monk began the quest for the Orb.
     0 | D:1      | Reached XP level 1. HP: 19/19 MP: 1/1
    59 | D:1      | Reached XP level 2. HP: 16/27 MP: 2/2
   305 | D:1      | Reached skill level 4 in Polearms
   305 | D:1      | Reached XP level 3. HP: 23/33 MP: 3/3
  1010 | D:3      | Found a glowing drain.
  1015 | Sewer    | Entered a sewer
  1355 | Sewer    | Reached XP level 4. HP: 37/41 MP: 4/4
  2107 | D:2      | Reached skill level 5 in Polearms
  2174 | D:2      | Found a stormy altar of Qazlal.
  2174 | D:2      | Found a sacrificial altar of Ru.
  2174 | D:2      | Found a burning altar of Makhleb.
  2174 | D:2      | Found a bloodstained altar of Trog.
  2326 | D:2      | Found a blossoming altar of Fedhas.
  2326 | D:2      | Found a shadowy altar of Dithmenos.
  2461 | D:2      | Found a runed door.
  2547 | D:2      | Reached XP level 5. HP: 42/47 MP: 5/5
  2597 | D:2      | Noticed Natasha
  2610 | D:2      | Killed Natasha
  2610 | D:2      | Reached skill level 5 in Fighting
  2673 | D:2      | Noticed Natasha
  2702 | D:2      | Killed Natasha
  3007 | D:2      | Found a burning altar of Makhleb.
  3007 | D:2      | Noticed an Executioner
  3191 | D:2      | Noticed Crazy Yiuf
  3202 | D:2      | Killed Crazy Yiuf
  3202 | D:2      | Reached skill level 6 in Polearms
  3202 | D:2      | Reached XP level 6. HP: 17/56 MP: 6/6
  3490 | D:3      | Found a faded altar of an unknown god.
  3597 | D:3      | Found an ancient bone altar of Kikubaaqudgha.
  3770 | D:3      | Found a shattered altar of Ashenzari.
  4406 | D:4      | Reached skill level 1 in Staves
  4411 | D:4      | Became a worshipper of Beogh the Brigand
  4411 | D:4      | Reached * piety under Beogh
  4411 | D:4      | Reached ** piety under Beogh
  4420 | D:4      | Slain by a centaur

Vault maps used:
D:1:      minmay_arrival_split_and_join, minmay_crystal_room
D:2:      minmay_overflow_temple_hex, makhleb_altar_promises_db, uniq_natasha,
          uniq_crazy_yiuf_cottage
D:3:      nicolae_overflow_crystal_walls, marbit_many_paths,
          portal_sewer_entry_e, chequers_ecumenical_altar_simple
D:4:      lemuel_statue_altar
Sewer:    sewer_co_scattered_pipes

Skill      XL: |  1  2  3  4  5  6 |
---------------+-------------------+-----
Fighting       | 4 5 |  5.7
Polearms       | 4 5 6 |  6.2
Staves         | 1 |  1.0
Throwing       | |  0.8
Dodging        | |  2.4
Stealth        | |  1.5

Action                   |  1- 3 |  4- 6 || total
-------------------------+-------+-------++-------
Melee: Spear             |   251 |   188 ||   439
       Unarmed           |    10 |       ||    10
       Quarterstaff      |       |    48 ||    48
 Fire: Blowgun           |       |    11 ||    11
Invok: Convert to Beogh  |       |     1 ||     1
  Use: Scroll            |     4 |     1 ||     5
       Potion            |       |     7 ||     7
 Stab: Sleeping          |     2 |     4 ||     6
  Eat: Ration            |     1 |       ||     1
       Chunk             |       |     8 ||     8
Armor: Robe              |    19 |    29 ||    48
       Skin              |       |     3 ||     3
Dodge: Dodged            |    78 |   123 ||   201

Table legend:
 A = Spawn XP
 B = Non-spawn XP
 C = Spawn XP percentage of total XP
 D = Spawn monster count
 E = Non-spawn monster count
 F = Spawn count percentage of total count
 G = Total turns spent on level
                    A         B        C        D         E        F      G
               +---------+---------+-------+---------+---------+-------+---------
         Total |       0 |     467 |   0.0 |       0 |      96 |   0.0 |  4420
               +---------+---------+-------+---------+---------+-------+---------
           D:1 |       0 |      58 |   0.0 |       0 |      23 |   0.0 |   925
           D:2 |       0 |     221 |   0.0 |       0 |      27 |   0.0 |  1534
           D:3 |       0 |      96 |   0.0 |       0 |      22 |   0.0 |   988
           D:4 |       0 |      42 |   0.0 |       0 |       1 |   0.0 |    28
         Sewer |       0 |      50 |   0.0 |       0 |      23 |   0.0 |   945
               +---------+---------+-------+---------+---------+-------+---------
